 Dungeon Crawl Stone Soup version 0.25-a0-566-g062765be81 (webtiles) character file.

Game seed: 11884757066590452971, levelgen mode: deterministic

4 vurker the Gusty (level 1, -4/7 HPs)
             Began as a Felid Air Elementalist on Feb 28, 2020.
             Killed from afar by a dart slug (5 damage)
             ... with a slug dart
             ... on level 1 of the Dungeon.
             The game lasted 00:00:22 (89 turns).

vurker the Gusty (Felid Air Elementalist)             Turns: 89, Time: 00:00:23

Health: -4/7       AC:  1    Str:  4    XL:     1   Next: 50%
Magic:  0/4        EV: 18    Int: 16    God:
Gold:   0          SH:  0    Dex: 16    Spells: 3/4 levels left
                                        Lives:  0   Deaths: 0

rFire    . . .     SeeInvis +   (weapon unavailable)
rCold    . . .     Gourm    .   (shield unavailable)
rNeg     . . .     Faith    .   (armour unavailable)
rPois    .         Spirit   .   (helmet unavailable)
rElec    .         Reflect  .   (cloak unavailable)
rCorr    .         Harm     .   (gloves unavailable)
MR       .....                  (boots unavailable)
Stlth    +++.......             (no amulet)
HPRegen  0.02/turn              (no ring)
MPRegen  0.09/turn              (no ring)

@: very slightly contaminated, quick
A: very small, no armour, no weapons or thrown items, stealth, claws 1, fangs 3,
see invisible, carnivore, speed 1, shaggy fur 1, slow metabolism 1, sharp paws
a: no special abilities


You were on level 1 of the Dungeon.
You were not hungry.

You visited 1 branch of the dungeon, and saw 1 of its levels.

Inventory:

Comestibles
 e - a ration


   Skills:
 + Level 0.1 Fighting
 - Level 2.6 Dodging
 - Level 2.6 Stealth
 * Level 2.1 Spellcasting
 + Level 1.0 Conjurations
 * Level 2.8 Air Magic


You had 3 spell levels left.
You knew the following spells:

 Your Spells              Type           Power        Failure   Level  Hunger
a - Shock                 Conj/Air       #...         10%         1    #......

Your spell library contained the following spells:

 Spells                   Type           Power        Failure   Level  Hunger
 Swiftness                Chrm/Air       #.......     17%         2    ###....
 Static Discharge         Conj/Air       #.......     28%         3    ###....
 Airstrike                Air            ##........   54%         4    #####..
 Lightning Bolt           Conj/Air       #.........   95%         5    ######.


Dungeon Overview and Level Annotations

Branches:
Dungeon (1/15)

Altars:


Innate Abilities, Weirdness & Mutations

You cannot wear armour.
You are incapable of wielding weapons or throwing items.
Your paws allow you to move quietly. (Stealth)
You have sharp claws.
You have razor-sharp teeth.
You have supernaturally acute eyesight. (SInv)
You are carnivorous and can eat meat at any time.
You cover ground quickly.
You are covered in fur. (AC +1)
You have a slow metabolism.
Your sharp claws are effective at attacking unaware monsters.


Message History

Welcome, vurker the Felid Air Elementalist.
It is said that the Orb of Zot exists deep within this dungeon.
Found a staircase leading out of the dungeon.
Found 20 arrows.
A dart slug comes into view.
Found 11 gold pieces.
A dart slug is nearby!
Aim: a dart slug (resting)
You miscast Shock.
You are very lightly contaminated with residual magic.
You feel momentarily weightless.
Aim: a dart slug The zap hits the dart slug.
You hear a shout!
A hobgoblin comes into view.
Aim: a dart slug (heavily wounded)
The zap hits the dart slug.
The dart slug launches a dart at you. The slug dart misses you.
Aim: a dart slug (almost dead)
You miscast Shock.
Nothing appears to happen.
You don't have enough magic to cast that spell.
You completely miss the dart slug.
You scratch the dart slug but do no damage.
The dart slug misses you.
A goblin comes into view. It is wielding a +0 dagger.
The goblin shouts!
You scratch the dart slug but do no damage.
The dart slug launches a dart at you. The slug dart hits you.
You scratch the dart slug.
You kill the dart slug!
A dart slug comes into view.
You scratch the hobgoblin. The hobgoblin barely misses you.
You closely miss the hobgoblin. The hobgoblin hits you.
Ouch! That really hurt!
* * * LOW HITPOINT WARNING * * *
The zap hits the hobgoblin.
You kill the hobgoblin!
Your Conjurations skill increases to level 1!
You don't have enough magic to cast that spell.
The dart slug is too close now for your liking.
You miscast Shock.
Nothing appears to happen.
You don't have enough magic to cast that spell.
You are too injured to fight recklessly!
You are too injured to fight recklessly!
The dart slug launches a dart at you. The slug dart hits you.
Ouch! That really hurt!
You die...

##.#g## ###..#..#
##....##.###
##..##(##...##
####...#####.#..##
##..#.#.# ##.###.#
#......## ##w.##..#
#.###.#####..###..#
#.##### #.@####...#
#....# #<## #..##
#.#.## ### ##..#
##### ##.# ###


You could see a dart slug.

Vanquished Creatures
  A dart slug (D:1)
  A hobgoblin (D:1)
2 creatures vanquished.

Notes
Turn   | Place    | Note
-------+----------+-------------------------------------------
     0 | D:1      | vurker the Felid Air Elementalist began the quest for the
                  | Orb.
     0 | D:1      | Reached XP level 1. HP: 7/7 MP: 4/4
    70 | D:1      | Reached skill level 1 in Conjurations
    89 | D:1      | Killed from afar by a dart slug

Levels and vault maps discovered:
D:1:      lemuel_arrival_tunnels, layout_basic, minmay_misc_feat_enclosed

Skill      XL: |  1 |
---------------+----+-----
Conjurations   | 1 |  1.0
Fighting       | |  0.1
Dodging        | |  2.6
Stealth        | |  2.6
Spellcasting   | |  2.1
Air Magic      | |  2.8

Action                   || total
-------------------------++-------
Melee: Unarmed           ||     6
 Cast: Shock             ||     3
Dodge: Dodged            ||     3

Table legend:
 A = Non-vault XP
 B = Vault XP
 C = Vault XP percentage of total XP
 D = Non-vault monster count
 E = Vault monster count
 F = Vault count percentage of total count
                 A         B        C        D         E       F
            +---------+---------+-------+---------+---------+-------
      Total |       6 |       0 |   0.0 |       2 |       0 |   0.0
            +---------+---------+-------+---------+---------+-------
        D:1 |       6 |       0 |   0.0 |       2 |       0 |   0.0
            +---------+---------+-------+---------+---------+-------
